 Dungeon Crawl Stone Soup version 0.21-a0-531-gacddea6 (webtiles) character file.

21 slep the Ducker (level 2, -2/22 HPs)
             Began as a Demonspawn Gladiator on Dec 13, 2017.
             Slain by a gnoll (7 damage)
             ... on level 2 of the Dungeon.
             The game lasted 00:01:46 (443 turns).

slep the Ducker (Demonspawn Gladiator)               Turns: 443, Time: 00:01:46

Health: -2/22      AC:  4    Str: 14    XL:     2   Next: 62%
Magic:  2/2        EV: 13    Int:  9    God:
Gold:   45         SH:  4    Dex: 14    Spells: 1/1 levels left

rFire    . . .     SeeInvis .   a - +0 war axe
rCold    . . .     Gourm    .   (no shield)
rNeg     . . .     Faith    .   b - +0 leather armour
rPois    .         Spirit   .   c - +0 helmet
rElec    .         Reflect  .   (no cloak)
rCorr    .         Harm     .   (no gloves)
MR       .....                  (no boots)
Stlth    ++........             (no amulet)
HPRegen  0.07/turn              l - ring of stealth
MPRegen  0.08/turn              (no ring)

@: no status effects
A: large bone plates 1
a: no special abilities


You were on level 2 of the Dungeon.
You were not hungry.

You visited 1 branch of the dungeon, and saw 2 of its levels.

You collected 45 gold pieces.

Inventory:

Hand Weapons
 a - a +0 war axe (weapon)
Missiles
 d - 3 throwing nets (quivered)
Armour
 b - a +0 leather armour (worn)
 c - a +0 helmet (worn)
Jewellery
 l - a ring of stealth (left hand)
Scrolls
 g - a scroll of magic mapping {unknown}
 h - a scroll of enchant armour {unknown}
 j - a scroll of identify {unknown}
 k - a scroll of teleportation {unknown}
Potions
 e - a potion of degeneration {unknown}
 i - 2 potions of flight {unknown}
 m - a potion of mutation {unknown}
Comestibles
 f - a bread ration


   Skills:
 + Level 2.1 Fighting
 + Level 3.1 Axes
 + Level 1.8 Throwing
 + Level 3.2 Dodging


You had one spell level left.
You didn't know any spells.

Dungeon Overview and Level Annotations

Branches:
Dungeon (2/15)

Altars:


Innate Abilities, Weirdness & Mutations

You are partially covered in large bone plates. (SH +4)


Message History

The gnoll is lightly wounded.
The gnoll misses you.
You closely miss the gnoll.
The gnoll is lightly wounded.
The gnoll barely misses you.
You hit the gnoll.
The gnoll is lightly wounded.
The gnoll closely misses you.
You slash the gnoll!
The gnoll is severely wounded.
You block the gnoll's attack.
You barely miss the gnoll.
The gnoll is severely wounded.
The gnoll misses you.
You hit the gnoll but do no damage.
The gnoll is severely wounded.
The gnoll hits you.
* * * LOW HITPOINT WARNING * * *
The gnoll hits you!
You die...

#......# ####### #......#
#.....# #......# #.....#
#......#######.....#######
#....>.+.....'............
#......#######.....#######
#......g######.....########
#......ggg@................
#......g###.........#######
#.....g$# #.........#
#...........#.........#
#...........#.[......##
#...........#........#
#...........#........# #..
#...........#........+ ...
#........# ...


You could see 3 gnolls and 2 hobgoblins.

Vanquished Creatures
  2 dart slugs
  3 bats
  6 jackals (D:1)
  A kobold (D:1)
  3 rats
15 creatures vanquished.

Notes
Turn   | Place    | Note
-------+----------+-------------------------------------------
     0 | D:1      | slep the Demonspawn Gladiator began the quest for the Orb.
     0 | D:1      | Reached XP level 1. HP: 16/16 MP: 1/1
   140 | D:1      | Gained mutation: You are partially covered in large bone plates. (SH +4) [demonic ancestry]
   140 | D:1      | Reached XP level 2. HP: 19/22 MP: 2/2
   443 | D:2      | Slain by a gnoll

Vault maps used:
D:1:      saegor_arrival_simple_e, moated_statue
D:2:      first_bread

Skill      XL: |  1  2 |
---------------+-------+-----
Dodging        | 3 |  3.2
Axes           | 3 |  3.1
Fighting       | |  2.1
Throwing       | |  1.8

Action                   || total
-------------------------++-------
Melee: War axe           ||    48
Armor: Leather armour    ||    18
Dodge: Dodged            ||    53
Block: Other             ||     8

Table legend:
 A = Spawn XP
 B = Non-spawn XP
 C = Spawn XP percentage of total XP
 D = Spawn monster count
 E = Non-spawn monster count
 F = Spawn count percentage of total count
 G = Total turns spent on level
                    A         B        C        D         E        F      G
               +---------+---------+-------+---------+---------+-------+---------
         Total |       0 |      30 |   0.0 |       0 |      15 |   0.0 |   443
               +---------+---------+-------+---------+---------+-------+---------
           D:1 |       0 |      23 |   0.0 |       0 |      12 |   0.0 |   314
           D:2 |       0 |       7 |   0.0 |       0 |       3 |   0.0 |   129
               +---------+---------+-------+---------+---------+-------+---------
